 Dungeon Crawl Stone Soup version 0.14-a0-2001-g390038d (webtiles) character file.

122 Kae the Sneak (level 3, 0/16 HPs)
             Began as a Spriggan Enchanter on Jan 18, 2014.
             Succumbed to an adder's poison
             ... on Level 2 of the Dungeon.
             The game lasted 00:01:37 (1607 turns).

Kae the Sneak (Spriggan Enchanter)                  Turns: 1607, Time: 00:01:37

HP   0/16        AC  7     Str  5      XL: 3   Next: 44%
MP   9/9         EV 24     Int 16      God:
Gold 76          SH  0     Dex 21      Spells:  2 memorised,  4 levels left

rFire  . . .     SeeInvis +     a - +1 dagger
rCold  + . .     Clarity  .     b - +1 robe
rNeg   . . .     Conserve .     (shield restricted)
rPois  .         rCorr    .     (helmet restricted)
rElec  .         rRot     .     (no cloak)
SustAb . .       Spirit   .     (gloves unavailable)
rMut   .         Warding  .     (boots unavailable)
Saprov . . .     Stasis   .     (no amulet)
MR     .....                    n - ring of protection from cold
                                h - +4 ring of protection

@: invisible, agile, mildly poisoned, very slightly contaminated, very quick,
not resistant to hostile enchantments, very stealthy
A: unfitting armour, see invisible, herbivore 3, speed 3, slow metabolism 2
a: no special abilities


You were on level 2 of the Dungeon.
You were not hungry.

You visited 1 branch of the dungeon, and saw 2 of its levels.

You collected 76 gold pieces.

Inventory:

Hand weapons
 a - a +1,+1 dagger (weapon)
Missiles
 d - 12 darts (quivered)
Armour
 b - a +1 robe (worn)
Comestibles
 f - a pear
 j - a bread ration
 m - an apple
Scrolls
 i - a scroll of identify
 k - a scroll of fog {unknown}
 l - a scroll of remove curse {unknown}
Jewellery
 h - a +4 ring of protection (left hand)
 n - a ring of protection from cold (right hand)
 p - an uncursed ring of fire {unknown}
Potions
 e - a potion of porridge
Books
 c - a book of Maledictions

   Spells                             Type                      Level
   *Corona                            Hexes                        1
   Sure Blade                         Hexes/Charms                 2
   *Ensorcelled Hibernation           Hexes/Ice                    2
   Confuse                            Hexes                        3
   Enslavement                        Hexes                        4
   Invisibility                       Hexes                        6


   Skills:
 * Level 2.1 Short Blades
 - Level 1.1 Throwing
 - Level 3.0 Dodging
 * Level 4.5 Stealth
 + Level 2.9 Spellcasting
 + Level 4.1 Hexes


You had 4 spell levels left.
You knew the following spells:

 Your Spells              Type           Power        Failure   Level  Hunger
a - Corona                Hex            ###....      4%          1    #......
b - Ensorcelled Hibernat  Hex/Ice        #.....       14%         2    ##.....


Dungeon Overview and Level Annotations

Branches:
Dungeon (2/16)

Altars:
Zin


Innate Abilities, Weirdness & Mutations

You are tiny and cannot use many weapons and most armour.
You have supernaturally acute eyesight.
You are a herbivore.
You cover ground extremely quickly.
You need consume almost no food.


Message History

* * * LOW HITPOINT WARNING * * *
You feel sick.
You start resting.
* * * LOW HITPOINT WARNING * * *
You feel sick.
Drink which item? (? for menu, Esc to quit)
You fade into invisibility!
It was a potion of invisibility.
You are very lightly contaminated with residual magic.
Drink which item? (? for menu, Esc to quit)
You feel agile all of a sudden.
It was a potion of agility.
* * * LOW HITPOINT WARNING * * *
You feel sick.
You start resting.
* * * LOW HITPOINT WARNING * * *
You feel sick.
You start resting.
Magic restored.
You start resting.
You die...

#### ..# ###... #..##
###..##.
#..#############..####.
#b.#.......#..###..'.
#S+@.⌠8⌠..'.## ####.
#..#.......#..### ##
#..#############..### #
#..## ###..### ..#
###... ####


There were no monsters in sight!

Vanquished Creatures
  A gnoll (D:1)
  2 giant geckos (D:1)
  An ooze (D:1)
  4 bats
  2 giant cockroaches
  8 hobgoblins
  5 kobolds
  7 rats
  2 toadstools (D:1)
32 creatures vanquished.

Vanquished Creatures (others)
  2 toadstools (D:1)
2 creatures vanquished.

Grand Total: 34 creatures vanquished

Notes
Turn   | Place    | Note
--------------------------------------------------------------
     0 | D:1      | Kae, the Spriggan Enchanter, began the quest for the Orb.
     0 | D:1      | Reached XP level 1. HP: 9/9 MP: 4/4
   292 | D:1      | Reached XP level 2. HP: 5/13 MP: 5/7
   302 | D:1      | Learned a level 2 spell: Ensorcelled Hibernation
   490 | D:1      | Reached skill level 4 in Stealth
   754 | D:1      | Reached XP level 3. HP: 6/16 MP: 6/9
  1427 | D:2      | Found a glowing silver altar of Zin.
  1607 | D:2      | Succumbed to an adder's poison

Action                   || total
-------------------------++-------
Melee: Dagger            ||   149
 Cast: Corona            ||     2
       Ensorcelled Hiber ||     8
  Use: Scroll            ||     5
       Potion            ||     2
 Stab: Sleeping          ||     9
